 Dungeon Crawl Stone Soup version 0.29-a0-380-gf50f0a9fbc (webtiles) character file.

Game seed: 9935021375220590899

5616 Antichthon the Basher (level 10, -1/63 HPs)
             Began as a Gargoyle Fighter on May 6, 2022.
             Was a Follower of the Shining One.
             Slain by Erica
             ... wielding a +3 scimitar of flaming
              (7 damage)
             ... on level 9 of the Dungeon.
             The game lasted 00:12:07 (10761 turns).

Antichthon the Basher (Gargoyle Fighter)           Turns: 10761, Time: 00:12:08

Health: -1/63      AC: 20    Str: 21      XL:     10   Next: 73%
Magic:  14/14      EV: 11    Int: 12      God:    the Shining One [*.....]
Gold:   477        SH:  9    Dex:  8 (9)  Spells: 9/9 levels left

rFire   . . .      SeeInvis +   a - +1 flail (venom)
rCold   . . .      Faith    .   y - +0 kite shield
rNeg    + . .      Spirit   .   r - +0 chain mail
rPois   ∞          Reflect  .   (helmet restricted)
rElec   +          Harm     .   (no cloak)
rCorr   .          Rampage  .   (no gloves)
Will    .....                   (no boots)
Stlth   ..........              (no amulet)
HPRegen 0.20/turn               q - ring of see invisible
MPRegen 0.14/turn               l - +4 ring of evasion

@: slowed, glowing, very slow
A: sickness immunity, AC +7, negative energy resistance 1, electricity
resistance, torment resistance 1, petrification resistance, horns 1, talons 1,
iridescent scales 1, deterioration 1
a: Renounce Religion, Divine Shield


You were on level 9 of the Dungeon.
You worshipped the Shining One.
The Shining One was aware of your devotion.
You visited 2 branches of the dungeon, and saw 10 of its levels.

You collected 477 gold pieces.

Inventory:

Hand Weapons
 a - a +1 flail of venom (weapon)
Armour
 o - a +0 helmet
 r - a +0 chain mail (worn)
 y - a +0 kite shield (worn)
Jewellery
 l - a +4 ring of evasion (right hand)
 q - a ring of see invisible (left hand)
 t - a ring of protection from fire
Wands
 s - a wand of flame (7)
Scrolls
 k - 3 scrolls of blinking
 m - 2 scrolls of amnesia
 n - 3 scrolls of enchant armour
 u - 2 scrolls of teleportation
 v - a scroll of enchant weapon
 w - a scroll of poison
Potions
 b - a potion of invisibility
 c - a potion of resistance {unknown}
 d - a potion of might
 e - 3 potions of flight
 f - 2 potions of curing
 g - 3 potions of brilliance
 h - 2 potions of attraction
 i - a potion of cancellation
 p - a potion of magic {unknown}
 x - a potion of lignification {unknown}


   Skills:
 * Level 7.0 Fighting
 * Level 9.6 Maces & Flails
 * Level 7.9 Armour
 * Level 4.0 Dodging
 * Level 7.2 Shields
 * Level 5.3 Invocations


You had 9 spell levels left.
You didn't know any spells.
Your spell library contained the following spells:

 Spells                   Type           Power      Damage    Failure   Level
 Beastly Appendage        Tmut           0%         N/A       99%         1
 Magic Dart               Conj           0%         1d3       99%         1
 Slow                     Hex            0%         N/A       99%         1
 Call Imp                 Summ           0%         N/A       100%        2
 Wereblood                Tmut           0%         N/A       100%        2
 Confusing Touch          Hex            0%         N/A       100%        3
 Ignite Poison            Fire/Tmut/Pois 0%         N/A       100%        3
 Mephitic Cloud           Conj/Pois/Air  0%         N/A       100%        3
 Spider Form              Tmut/Pois      0%         N/A       100%        3
 Vampiric Draining        Necr           0%         2d6       100%        3
 Passage of Golubria      Tloc           0%         N/A       100%        4
 Freezing Cloud           Conj/Ice/Air   0%         6-21      100%        5
 Silence                  Hex/Air        0%         N/A       100%        5
 Lehudib's Crystal Spear  Conj/Erth      0%         10d2      100%        8


Dungeon Overview and Level Annotations

Branches:
Dungeon (9/15)             Temple (1/1) D:6            Lair (0/6) D:9
    Orc: D:9-12

Altars:
Ashenzari
Cheibriados
Dithmenos
Fedhas
Gozag
Hepliaklqana
Kikubaaqudgha
Makhleb
Nemelex Xobeh
Okawaru
Qazlal
Ru
Trog
Uskayaw
Vehumet
Wu Jian
Xom
Yredelemnul
Zin
The Shining One

Shops:
D:6 :

Annotations:
D:2 1 runed translucent door, Crazy Yiuf
D:4 2 transporters, happo123's ghost, amateur VSIE
D:7 exclusion: oklob plant
D:9 Erica


Innate Abilities, Weirdness & Mutations

You are immune to sickness and miasma.
Your stone body is resilient. (AC +7)
You are immune to poison.
You resist negative energy. (rN+)
You are resistant to electric shocks. (rElec)
You are resistant to unholy torment.
You are immune to petrification.
You have a pair of small horns on your head.
You have sharp toenails.
You are partially covered in iridescent scales. (AC +2)
Your body sometimes deteriorates upon taking damage.


Message History

Erica casts a spell.
Erica flickers and vanishes for a moment.
Erica screams, "Do you want it fast or slow?!"
You hear a shout!
Things that are here:
a +0 trident; a +0 ring mail Erica casts a spell at you.
You are confused.
Found a slimy hand axe.
You're too confused to move!
The gnoll barely misses you.
Erica hits you with a +3 scimitar of flaming!
Your body deteriorates!
You feel clumsy. Erica burns you.
Erica points at you and mumbles some strange words.
The bolt of poison hits you but does no damage.
You resist. The gnoll hits you but does no damage.
You sock Erica!
Erica is poisoned.
Erica is lightly wounded.
The gnoll hits you from afar with a +0 halberd!
Erica gestures at you while chanting. The bolt of poison misses you.
Erica closely misses you. The gnoll hits you but does no damage.
You feel less confused.
You sock Erica! Your headbutt misses Erica.
Erica is moderately wounded.
Erica closely misses you.
Erica hits you with a +3 scimitar of flaming!
Erica burns you. The gnoll misses you.
You barely miss Erica.
Erica is moderately wounded.
The gnoll hits you but does no damage. Erica closely misses you.
You sock Erica!
Erica looks as sick as possible!
You headbutt Erica.
Erica is heavily wounded.
You block the gnoll's attack.
Erica hits you with a +3 scimitar of flaming!
Erica burns you.
Erica hits you with a +3 scimitar of flaming!
* * * LOW HITPOINT WARNING * * *
Erica burns you!
You die...

#.. #.# ##.# # #..
#.###..# # . #..
#.##...# ..#..
#.##).##
.)....#.##(.# .
#...#.##..###... .#
#..gg.......>... .
.###@.#<.###### #.
#.@#..# #.# #).#..#
#.#
#..#..##########.##
#..#..............#
#..#...............
#..........####...#
#.########## #...#
#.# #...# #.# #..<.


You could see Erica (invisible, extremely poisoned) and 2 gnolls.

Vanquished Creatures
  Gastronok (D:9)
  A shadow (D:9)
  2 wyverns
  A steam dragon (D:9)
  A water moccasin (D:5)
  2 ice beasts
  2 black bears
  An ogre (D:6)
  4 centaurs
  3 phantoms
  2 kobold brigands
  4 gnoll sergeants
  2 bullfrogs (D:8)
  4 scorpions
  5 necrophages
  15 killer bees
  A howler monkey (D:9)
  10 jellies
  2 gnoll shamans
  7 orc priests
  2 hounds
  Jessica (D:3)
  3 orc wizards
  A killer bee zombie (D:8)
  3 howler monkey zombies (D:8)
  Robin (D:3)
  5 adders
  23 gnolls
  A shadow imp (D:7)
  A white imp (D:6)
  3 ufetubi
  3 worms
  3 dart slugs
  21 orcs
  22 endoplasms
  4 giant cockroaches
  5 goblins
  7 hobgoblins
  6 jackals
  15 kobolds
  3 quokkas
  7 ball pythons
  A bat (D:3)
  4 frilled lizards
  4 rats
219 creatures vanquished.

Vanquished Creatures (others)
  A bush (D:8)
  7 fungi (D:7)
  11 plants (D:8)
  4 withered plants (D:9)
23 creatures vanquished.

Grand Total: 242 creatures vanquished

Notes
Turn   | Place    | Note
-------+----------+-------------------------------------------
     0 | D:1      | Antichthon the Gargoyle Fighter began the quest for the
                  | Orb.
     0 | D:1      | Reached XP level 1. HP: 14/14 MP: 1/1
   430 | D:1      | Reached XP level 2. HP: 19/19 MP: 2/2
  1011 | D:2      | Reached XP level 3. HP: 21/23 MP: 3/3
  1294 | D:2      | Found a runed translucent door.
  1295 | D:2      | Noticed Crazy Yiuf
  1505 | D:2      | Found a faded altar of an unknown god.
  1699 | D:3      | HP: 1/24 [adder (1)]
  1718 | D:2      | Reached XP level 4. HP: 10/29 MP: 4/4
  1975 | D:3      | Reached skill level 3 in Maces & Flails
  1975 | D:3      | Reached skill level 1 in Invocations
  2001 | D:3      | Reached skill level 1 in Dodging
  2518 | D:3      | Reached XP level 5. HP: 27/33 MP: 5/5
  3171 | D:3      | Noticed Robin
  3192 | D:3      | Killed Robin
  3241 | D:3      | Noticed Jessica
  3249 | D:3      | Killed Jessica
  3316 | D:4      | Found a transporter.
  3317 | D:4      | Noticed happo123's ghost (amateur VSIE)
  3319 | D:4      | Found a transporter.
  3456 | D:4      | Reached XP level 6. HP: 38/38 MP: 5/7
  3633 | D:4      | Gained mutation: You tend to lose your temper in combat.
                  | [potion of mutation]
  3633 | D:4      | Lost mutation: You tend to lose your temper in combat.
                  | [potion of mutation]
  3633 | D:4      | Gained mutation: Your large and strong wings let you fly.
                  | [potion of mutation]
  3639 | D:4      | You are sucked into a shaft and drop 1 floor!
  3639 | D:5      | Entered Level 5 of the Dungeon
  3639 | D:5      | Noticed a water moccasin
  3648 | D:5      | Killed a water moccasin
  3649 | D:5      | Reached skill level 4 in Maces & Flails
  4248 | D:4      | Reached XP level 7. HP: 42/43 MP: 8/8
  4551 | D:5      | Reached skill level 5 in Maces & Flails
  4630 | D:4      | Reached skill level 5 in Armour
  5042 | D:5      | Reached XP level 8. HP: 39/48 MP: 8/10
  5048 | D:5      | Lost mutation: Your large and strong wings let you fly.
                  | [potion of mutation]
  5048 | D:5      | Gained mutation: You have hidden genetic potential. [potion
                  | of mutation]
  5048 | D:5      | Gained mutation: Your body sometimes deteriorates upon
                  | taking damage. [potion of mutation]
  5048 | D:5      | Gained mutation: You have sharp toenails. [potion of
                  | mutation]
  5694 | D:5      | Reached skill level 6 in Maces & Flails
  5694 | D:5      | Reached skill level 5 in Shields
  5896 | D:6      | Reached skill level 5 in Fighting
  6494 | D:6      | Reached XP level 9. HP: 32/54 MP: 11/11
  6684 | D:6      | Gained mutation: You have a pair of small horns on your
                  | head. [hidden potential]
  6785 | D:6      | Found Sefoizxidy's Book Emporium.
  6806 | D:6      | Reached skill level 7 in Maces & Flails
  6984 | D:6      | Found a staircase to the Ecumenical Temple.
  7175 | Temple   | Entered the Ecumenical Temple
  7364 | Temple   | Became a worshipper of the Shining One
  8092 | D:7      | Noticed an oklob plant
  8463 | D:7      | Found a broken altar of Ashenzari.
  8514 | D:7      | Reached skill level 8 in Maces & Flails
  9305 | D:8      | Reached XP level 10. HP: 49/60 MP: 13/13
  9644 | D:8      | Found a blossoming altar of Fedhas.
  9725 | D:8      | Gained mutation: You are partially covered in iridescent
                  | scales. (AC +2) [hidden potential]
  9725 | D:8      | Lost mutation: You have hidden genetic potential. [hidden
                  | potential expressed]
  9856 | D:8      | Reached * piety under the Shining One
 10333 | D:9      | Reached skill level 9 in Maces & Flails
 10435 | D:9      | Found a staircase to the Lair.
 10669 | D:9      | Reached skill level 5 in Invocations
 10670 | D:9      | Noticed Gastronok
 10686 | D:9      | Killed Gastronok
 10752 | D:9      | Noticed Erica
 10761 | D:9      | Slain by Erica

Illustrated notes

Levels and vault maps discovered:
D:1:      lemuel_arrival_river_bridge, layout_basic
D:2:      layout_basic, shapermc_ecumenical_altar_ellora,
          uniq_crazy_yiuf_cottage
D:3:      layout_basic, kennysheep_potato, uniq_robin, uniq_jessica
D:4:      layout_basic, gammafunk_ghost_arena, grunt_decor_arrowhead
D:5:      layout_basic, minmay_fountain_box
D:6:      layout_basic, minmay_temple_entry_proselytizer, serial_shops, shop,
          nicolae_concentric_dashed_squares_mild
D:7:      lemuel_slime, layout_loops_ring, nicolae_ashenzari_skybound
D:8:      layout_loops_ring, fedhas_altar_decomposition, chequers_garden
D:9:      layout_loops_ring, lair_entry_dummy, gammafunk_ghost_cemetery,
          chequers_serial_rivers_small_b, uniq_gastronok, uniq_erica
Temple:   regret_index_temple_mists

Skill      XL: |  1  2  3  4  5  6  7  8  9 10 |
---------------+-------------------------------+-----
Armour         | 4 5 6 7 |  7.9
Maces & Flails | 3 4 5 6 8 9 |  9.6
Invocations    | 1 2 3 4 5 |  5.3
Dodging        | 1 2 3 4 |  4.0
Fighting       | 4 5 6 7 |  7.0
Shields        | 4 5 6 7 |  7.2

Action                   |  1- 3 |  4- 6 |  7- 9 | 10-12 || total
-------------------------+-------+-------+-------+-------++-------
Melee: Flail             |    75 |   151 |   364 |   116 ||   706
       Kick              |       |       |    87 |    37 ||   124
       Headbutt          |       |       |    24 |    36 ||    60
  Use: Scroll            |     4 |     6 |     7 |     2 ||    19
       Potion            |     2 |     1 |     2 |       ||     5
Armor: Scale mail        |    47 |    60 |    41 |       ||   148
       Chain mail        |       |       |   165 |    44 ||   209
Dodge: Dodged            |    39 |    54 |   228 |    50 ||   371
Block: Buckler           |    32 |    58 |   102 |       ||   192
       Kite shield       |       |       |    11 |    65 ||    76

Table legend: (Time is in decaauts)
 A = Elapsed time spent in this place.
 B = Non-inter-level travel time spent in this place.
 C = Inter-level travel time spent in this place.
 D = Time resting spent in this place.
 E = Time spent auto-exploring this place.
 F = Levels seen in this place.
 G = Mean time per level.
                   A        B        C        D        E       F      G
               +--------+--------+--------+--------+--------+-----+--------+
         Total |  10991 |  10560 |    431 |    287 |   8141 |  10 | 1099.1 |
       Dungeon |  10714 |  10306 |    408 |    287 |   7952 |   9 | 1190.4 |
        Temple |    277 |    255 |     22 |      0 |    188 |   1 |  277.0 |
               +--------+--------+--------+--------+--------+-----+--------+

Top non-repeatable levels by time:
     D:7: 1544 daAuts
     D:3: 1417 daAuts
     D:6: 1358 daAuts
     D:4: 1302 daAuts
     D:5: 1252 daAuts
     D:8: 1148 daAuts
     D:2: 1068 daAuts
     D:1: 891 daAuts
     D:9: 730 daAuts
  Temple: 277 daAuts
